 Dungeon Crawl Stone Soup version 0.19.1-1-g22dce08 (webtiles) character file.

32947 esteth the Severer (level 13, -4/111 HPs)
             Began as a Minotaur Fighter on Dec 30, 2016.
             Was a High Priest of Makhleb.
             Killed by divine providence
             ... invoked by a meliai
              (14 damage)
             ... on level 5 of the Lair of Beasts.
             The game lasted 00:42:53 (13144 turns).

esteth the Severer (Minotaur Fighter)              Turns: 13144, Time: 00:42:53

Health: -4/111     AC: 26    Str: 25    XL:     13   Next: 34%
Magic:  16/16      EV:  8    Int:  5    God:    Makhleb [*****.]
Gold:   606        SH:  3    Dex: 11    Spells: 0 memorised, 12 levels left

rFire  . . .     SeeInvis .     U - +1 battleaxe (flame)
rCold  . . .     Gourm    .     Y - +5 plate armour
rNeg   . . .     Faith    .     (shield currently unavailable)
rPois  .         Spirit   .     (helmet restricted)
rElec  .         Reflect  +     T - +2 cloak {MR+}
rCorr  .         Harm     .     (no gloves)
MR     ++...                    N - +0 pair of boots
Stlth  ..........               z - +3 amulet of reflection
                                S - ring of protection from magic
                                D - +5 ring of slaying

@: very slightly contaminated, hasted, very quick
A: retaliatory headbutt, horns 2
a: Minor Destruction, Lesser Servant of Makhleb, Major Destruction, Greater
Servant of Makhleb, Renounce Religion


You were on level 5 of the Lair of Beasts.
You worshipped Makhleb.
Makhleb was extremely pleased with you.
You were not hungry.

You visited 3 branches of the dungeon, and saw 15 of its levels.
You also visited: Ossuary.

You collected 906 gold pieces.
You spent 300 gold pieces at shops.

Inventory:

Hand Weapons
 C - a +0 vampiric broad axe
 M - a +1 demon trident
 P - a +1 shortbow of velocity
 U - a +1 battleaxe of flaming (weapon)
Missiles
 H - 215 arrows
 W - 19 tomahawks (quivered)
Armour
 N - a +0 pair of boots (worn)
 R - a +1 ring mail of poison resistance
 T - a +2 cloak of magic resistance (worn)
 Y - a +5 plate armour (worn)
Jewellery
 x - an uncursed ring of positive energy
 y - a +3 ring of protection
 z - a +3 amulet of reflection (around neck)
 D - a +5 ring of slaying (left hand)
 Q - an uncursed ring of resist corrosion
 S - a ring of protection from magic (right hand)
Wands
 c - a wand of hasting (5/9)
 e - a wand of disintegration (10/24)
 E - a wand of flame (23/48)
 F - a wand of random effects (17/48)
 Z - a wand of iceblast (11/15)
Scrolls
 b - 2 scrolls of identify
 g - a scroll of magic mapping
 l - a scroll of teleportation
 m - 8 scrolls of remove curse
 t - a scroll of holy word {unknown}
 u - 2 scrolls of fear
Potions
 a - a potion of degeneration {unknown}
 d - 4 potions of might
 i - 6 potions of curing
 k - 3 potions of cure mutation
 n - a potion of berserk rage {unknown}
 o - a potion of heal wounds {unknown}
 p - 6 potions of mutation
 r - a potion of brilliance {unknown}
 v - a potion of lignification {unknown}
 A - a potion of magic {unknown}
 I - 2 potions of flight {unknown}
 J - 2 potions of beneficial mutation {unknown}
 K - a potion of haste
 L - 5 potions of cancellation {unknown}
Books
 h - a book of Necromancy

   Spells                             Type                      Level
   a - Pain                           Necromancy                   1
   b - Animate Skeleton               Necromancy                   1
   c - Vampiric Draining              Necromancy                   3
   d - Regeneration                   Charms/Necromancy            3
   e - Animate Dead                   Necromancy                   4
   f - Control Undead                 Necromancy                   4
 j - a book of Misfortune

   Spells                             Type                      Level
   a - Confusing Touch                Hexes                        1
   b - Confuse                        Hexes                        3
   c - Gell's Gravitas                Hexes/Translocation          3
   d - Petrify                        Transmutation/Earth          4
   e - Metabolic Englaciation         Hexes/Ice                    5
   f - Yara's Violent Unravelling     Hexes/Transmutation          5
Comestibles
 f - 7 bread rations
 q - 2 royal jellies
 s - 2 beef jerkies
 w - 7 meat rations
 B - a slice of pizza
 G - 8 fruits
 O - 17 chunks of flesh


   Skills:
 - Level 9.6 Fighting
 + Level 17.3 Axes
 - Level 7.0 Bows
 + Level 14.6 Armour
   Level 4.6 Shields
 - Level 6.1 Invocations


You had 12 spell levels left.
You didn't know any spells.

Dungeon Overview and Level Annotations

Branches:
Dungeon (9/15)             Temple (1/1) D:4            Lair (5/6) D:9
 Shoals (0/4) Lair:3       Spider (0/4) Lair:2
  Slime: Lair:5-6       Orc: D:9-12

Altars:
Ashenzari
Cheibriados
Dithmenos
Elyvilon
Fedhas
Gozag
Hepliaklqana
Kikubaaqudgha
Makhleb
Nemelex Xobeh
Okawaru
Qazlal
Ru
Sif Muna
Trog
Uskayaw
Vehumet
Xom
Yredelemnul
Zin
The Shining One

Shops:
D:6 =

Annotations:
D:3 Sigmund
D:6 exclusion: oklob plant
Lair:2 exclusion: 3 oklob plants
Lair:5 Rupert


Innate Abilities, Weirdness & Mutations

You reflexively headbutt those who attack you in melee.
You have a pair of horns on your head.


Message History

The meliai poisons your orange demon!
Your orange demon stings the death yak.
Your orange demon hits the death yak.
Your orange demon closely misses the meliai.
The meliai hits your orange demon with a war axe.
The meliai completely misses your orange demon.
The death yak gores your orange demon!
You feel yourself speed up.
Your orange demon stings the death yak but does no damage.
Your orange demon hits the death yak but does no damage.
The meliai hits your orange demon with a war axe!
The meliai stings your orange demon!
Your orange demon dies!
Your orange demon stings the meliai but does no damage.
You are very lightly contaminated with residual magic.
The meliai mumbles some strange prayers to its god against you.
Something smites you!
* * * LOW HITPOINT WARNING * * *
The meliai mumbles some strange prayers to its god against you.
Something smites you!
You die...

## #.....###....#.#.#.#.
#.. #†)#.....#.#...#F..#
#.#. #SF†..#.#.#..†#[#...
#...##l#)...#)#.%#..#@.
#....y##S#..Y..##.#$# #
##...#Y##.....†###YF#..
#......4###l....##.#$#.#
##.......####..#....#.Y..
#......@.###......#%#l..
#...........###.#...#...#
#............###.#.#.#.#.
#..#.##.......###...#...#
#..#.#.(#........###...###
..#.#.##.#.........##.##
.#. #.#......##......
.#......#).#.....
#.#.....#.##.#..


You could see a death yak, a basilisk, a meliai and a friendly orange demon.

Vanquished Creatures
  Gastronok (Lair:1)
  Kirke (Lair:5)
  2 hydras
  A centaur warrior (D:9)
  Nergalle (Lair:1)
  Urug (Lair:5)
  9 elephants
  A black mamba (Lair:3)
  7 spiny frogs
  4 rime drakes
  11 komodo dragons
  A queen bee (Lair:5)
  4 merfolk (Lair:3)
  2 meliai (Lair:5)
  A two-headed ogre (D:6)
  3 polar bears (Lair:3)
  A troll (D:9)
  17 blink frogs
  A hippogriff (Lair:4)
  4 dream sheep (Lair:4)
  A hog (Lair:5)
  20 yaks
  2 basilisks
  Menkaure (D:4)
  6 water moccasins
  3 porcupines
  2 ice beasts
  An orc warrior (D:9)
  2 sky beasts
  2 phantoms (D:7)
  A necrophage (D:9)
  4 wolves (Lair:1)
  6 centaurs
  7 ogres
  8 crocodiles
  9 bullfrogs
  A water moccasin zombie (D:8)
  3 wyvern skeletons
  A scorpion (D:4)
  29 killer bees
  2 electric eels
  3 howler monkeys (D:4)
  A crimson imp (D:6)
  2 centaur zombies (Ossuary)
  3 hounds
  An orc priest (D:4)
  2 bullfrog zombies
  A human zombie (Ossuary)
  A jelly (D:6)
  2 centaur skeletons
  9 orc wizards
  9 worker ants
  3 iguanas
  5 hell rats
  A killer bee zombie (D:7)
  A big kobold zombie (Ossuary)
  2 hound skeletons
  2 mummies (Ossuary)
  4 gnolls (D:9)
  7 adders
  A river rat (D:9)
  3 shadow imps
  An ooze (D:3)
  3 adder zombies
  An adder skeleton (D:5)
  2 worms
  2 dart slugs (D:1)
  9 leopard geckos
  25 orcs
  2 ball pythons (D:3)
  28 bats
  6 giant cockroaches
  7 goblins
  4 hobgoblins
  10 jackals
  10 quokkas
  5 frilled lizards
  A goblin zombie (Ossuary)
  16 hobgoblin zombies (Ossuary)
  9 kobolds
  8 kobold zombies (Ossuary)
  7 orc zombies (Ossuary)
  17 rats
  10 fungi
  3 plants
433 creatures vanquished.

Vanquished Creatures (collateral kills)
  A yak (Lair:2)
1 creature vanquished.

Vanquished Creatures (others)
  A rime drake (Lair:5)
  2 humans (Lair:5)
  A fungus (Lair:3)
  A plant (Lair:2)
5 creatures vanquished.

Grand Total: 439 creatures vanquished

Notes
Turn   | Place    | Note
-------+----------+-------------------------------------------
     0 | D:1      | esteth the Minotaur Fighter began the quest for the Orb.
     0 | D:1      | Reached XP level 1. HP: 19/19 MP: 0/0
   121 | D:1      | Reached skill level 3 in Axes
   164 | D:1      | Reached XP level 2. HP: 26/26 MP: 1/1
   255 | D:1      | Found an opulent altar of Gozag.
   689 | D:2      | Reached skill level 4 in Axes
   725 | D:2      | Reached XP level 3. HP: 23/31 MP: 2/2
  1257 | D:2      | Reached skill level 5 in Axes
  1732 | D:3      | Found a shimmering altar of Xom.
  1737 | D:3      | Found a shimmering altar of Xom.
  1746 | D:3      | Found a shimmering altar of Xom.
  1747 | D:3      | Reached XP level 4. HP: 39/39 MP: 3/3
  1750 | D:3      | Found a shimmering altar of Xom.
  1918 | D:3      | Noticed Sigmund
  2198 | D:3      | Reached skill level 6 in Axes
  2296 | D:3      | Reached XP level 5. HP: 43/45 MP: 4/4
  2462 | D:4      | Found a staircase to the Ecumenical Temple.
  2474 | D:4      | Reached skill level 7 in Axes
  2508 | Temple   | Entered the Ecumenical Temple
  2574 | Temple   | Became a worshipper of Makhleb the Destroyer
  2635 | D:4      | Noticed Menkaure
  2639 | D:4      | Killed Menkaure
  2639 | D:4      | Reached XP level 6. HP: 51/51 MP: 5/5
  2702 | D:4      | Reached skill level 1 in Invocations
  2765 | D:4      | Reached skill level 8 in Axes
  2839 | D:4      | Reached XP level 7. HP: 13/57 MP: 7/7
  3214 | D:4      | Reached * piety under Makhleb
  3542 | D:5      | Entered Level 5 of the Dungeon
  3724 | D:5      | Reached skill level 9 in Axes
  3962 | D:5      | Reached XP level 8. HP: 54/64 MP: 10/10
  4207 | D:5      | Reached skill level 5 in Invocations
  4675 | D:6      | Found a burning altar of Makhleb.
  4705 | D:6      | Found a glowing silver altar of Zin.
  4753 | D:6      | Found Heig's Jewellery Emporium.
  4761 | D:6      | Bought a +3 amulet of reflection for 300 gold pieces
  4871 | D:6      | Noticed a two-headed ogre
  4912 | D:6      | Killed a two-headed ogre
  4912 | D:6      | Reached skill level 10 in Axes
  4947 | D:6      | Reached ** piety under Makhleb
  5031 | D:6      | Noticed an oklob plant
  5456 | D:6      | Found an iron altar of Okawaru.
  5739 | D:7      | Reached skill level 5 in Armour
  5760 | D:7      | Found an ancient bone altar of Kikubaaqudgha.
  5765 | D:7      | Found an opulent altar of Gozag.
  5770 | D:7      | Found a blossoming altar of Fedhas.
  5819 | D:7      | Reached XP level 9. HP: 69/70 MP: 12/12
  5830 | D:7      | Reached skill level 11 in Axes
  5847 | D:7      | Found a sand-covered staircase.
  5886 | Ossuary  | Entered an ossuary
  5981 | Ossuary  | Reached *** piety under Makhleb
  6253 | D:7      | Found a hide-covered altar of Uskayaw.
  6253 | D:7      | Found a shattered altar of Ashenzari.
  6275 | D:7      | Reached **** piety under Makhleb
  6535 | D:8      | Reached skill level 5 in Fighting
  6739 | D:8      | Reached skill level 1 in Bows
  7378 | D:9      | Noticed a centaur warrior
  7500 | D:9      | Killed a centaur warrior
  7500 | D:9      | Reached skill level 5 in Bows
  7500 | D:9      | Reached XP level 10. HP: 84/88 MP: 13/13
  7963 | D:9      | Found a snail-covered altar of Cheibriados.
  8005 | D:9      | Found a staircase to the Lair.
  8275 | Lair:1   | Entered Level 1 of the Lair of Beasts
  8338 | Lair:1   | Found a glowing silver altar of Zin.
  8423 | Lair:1   | Reached skill level 12 in Axes
  8489 | Lair:1   | Noticed Nergalle
  8498 | Lair:1   | Killed Nergalle
  8595 | Lair:1   | Noticed Gastronok
  8603 | Lair:1   | Killed Gastronok
  8603 | Lair:1   | Reached skill level 13 in Axes
  8603 | Lair:1   | Reached XP level 11. HP: 97/97 MP: 14/14
  9005 | Lair:1   | Identified a scroll of acquirement
  9979 | Lair:2   | Reached skill level 10 in Armour
  9981 | Lair:2   | Reached skill level 14 in Axes
 10113 | Lair:2   | Found a hole to the Spider Nest.
 10252 | Lair:2   | Noticed an oklob plant
 10272 | Lair:2   | Noticed an oklob plant
 10377 | Lair:2   | Noticed an oklob plant
 11167 | Lair:3   | Reached XP level 12. HP: 70/105 MP: 15/15
 11324 | Lair:3   | Found a staircase to the Shoals.
 11407 | Lair:3   | Reached skill level 15 in Axes
 11438 | Lair:3   | Reached ***** piety under Makhleb
 12232 | Lair:4   | Reached skill level 16 in Axes
 12507 | Lair:4   | Noticed a seven-headed hydra
 12521 | Lair:4   | Killed a two-headed hydra
 12901 | Lair:5   | Noticed Urug
 12912 | Lair:5   | Killed Urug
 12941 | Lair:5   | Reached XP level 13. HP: 107/111 MP: 16/16
 12958 | Lair:5   | Noticed Kirke
 12965 | Lair:5   | Killed Kirke
 13029 | Lair:5   | Reached skill level 17 in Axes
 13121 | Lair:5   | Noticed Rupert
 13144 | Lair:5   | Killed from afar by a meliai

Skill      XL: |  1  2  3  4  5  6  7  8  9 10 11 12 13 |
---------------+----------------------------------------+-----
Axes           | 3 4 5 6 7 8 9 10 11 13 14 16 17 | 17.3
Shields        | 4 |  4.6
Invocations    | 2 4 6 |  6.1
Armour         | 5 6 8 11 13 14 | 14.6
Fighting       | 8 9 |  9.6
Bows           | 5 7 |  7.0

Action                   |  1- 3 |  4- 6 |  7- 9 | 10-12 | 13-15 || total
-------------------------+-------+-------+-------+-------+-------++-------
Melee: War axe           |   106 |   129 |   342 |    16 |       ||   593
       Headbutt          |     8 |    20 |    62 |    70 |    15 ||   175
       Battleaxe         |       |       |       |   330 |    84 ||   414
 Fire: Shortbow          |       |       |       |    13 |       ||    13
Invok: Lesser Servant of |       |       |       |     2 |     3 ||     5
  Use: Scroll            |       |       |    13 |    19 |       ||    32
       Potion            |       |       |       |       |     2 ||     2
  Eat: Chunk             |     3 |     3 |    15 |     8 |     1 ||    30
       Meat ration       |       |       |       |     2 |       ||     2
Armor: Scale mail        |    39 |    37 |   101 |    43 |       ||   220
       Plate armour      |       |       |       |   198 |    99 ||   297
Dodge: Dodged            |    35 |    58 |    99 |   147 |    60 ||   399
Block: Shield            |    63 |       |       |       |       ||    63
       Buckler           |       |    31 |    97 |     3 |       ||   131
       Reflection        |       |       |     7 |     3 |       ||    10
       Other             |       |       |       |    50 |    23 ||    73
